Map: Post-Youth LE

Players

Kaxolix

  • Race: Terran Terran
  • League: Silver
  • Spawn Location: 1:00

Chopper - Winner!

  • Race: Zerg Zerg
  • League: Silver
  • Spawn Location: 7:00

VOD

Have the link to the VOD?

Description

Time

  • Played on: Nov. 21, 2024, 8:43 p.m.
  • Length: 14:03
Show
View Real Time Build Order
Export as new Build Order

Kaxolix Terran 

Build Orders: Reaper Expand 

Get SALT Encoding   

  12  0:00  SCV  
  13  0:12  SCV  
  14  0:18  Supply Depot  
  14  0:24  SCV  
  15  0:40  SCV  
  15  0:41  Barracks  
  16  0:52  Refinery, SCV  
  17  1:04  SCV  
  18  1:16  SCV  
  19  1:30  Orbital Command  
  19  1:36  Reaper  
  20  1:40  Command Center  
  20  1:47  Supply Depot  
  20  1:55  SCV  
  21  2:08  Marine  
  22  2:15  Barracks  
  22  2:19  Factory  
  22  2:24  SCV  
  23  2:32  Barracks Tech Lab  
  23  2:36  SCV  
  24  2:48  SCV  
  25  3:10  Factory Tech Lab  
  25  3:11  Barracks Reactor  
  25  3:13  Barracks  
  25  3:17  SCV  
  25  3:18  SCV  
  26  3:22  Refinery  
  26  3:36  Siege Tank  
  29  3:43  SCV  
  31  3:49  Orbital Command  
  31  3:54  Marauder, Marine x2  
  34  4:02  Command Center  
  34  4:07  Engineering Bay  
  34  4:11  SCV  
  34  4:15  SCV  
  36  4:20  Marine x2  
  41  4:24  Marauder, Barracks Reactor  
  40  4:40  SCV  
  40  4:41  SCV  
  40  4:42  Terran Infantry Weapons Level 1  
  40  4:43  Stimpack  
  42  4:51  Refinery  
  42  4:53  Refinery  
  42  4:55  SCV  
  42  4:59  Marauder, Marine  
  46  5:05  Supply Depot  
  46  5:06  Supply Depot  
  46  5:08  Supply Depot  
  46  5:13  SCV x2, Marine  
  49  5:22  Starport  
  49  5:29  Starport  
  49  5:31  Marine x2  
  49  5:32  Marauder  
  53  5:38  Orbital Command  
  53  5:40  SCV x2  
  55  5:52  SCV x2  
  57  6:12  Medivac x2  
  57  6:18  Marine x2  
  63  6:19  Marauder  
  63  6:20  Siege Tank  
  68  6:30  Barracks  
  68  6:32  Barracks, Engineering Bay  
  68  6:36  Armory  
  69  6:41  SCV  
  69  6:49  Marine  
  69  6:50  Marine x3  
  69  6:51  Marauder  
  69  6:52  Siege Tank  
  69  6:53  SCV, Starport Reactor x2  
  76  7:33  Marine  
  76  7:34  Marine x4  
  76  7:36  Barracks Reactor  
  67  7:40  Barracks Reactor  
  60  7:47  Siege Tank  
  58  7:51  Marine  
  58  7:52  Marine  
  58  7:57  Terran Infantry Weapons Level 2  
  58  7:58  Terran Infantry Armor Level 1  
  60  8:00  Combat Shield  
  60  8:19  Siege Tank  
  63  8:37  Medivac x3  
  63  8:38  Marine  
  63  8:39  Marine x8  
  63  8:40  Factory  
  78  8:46  Barracks  
  78  8:56  Marine  
  78  8:57  Marine x2  
  78  9:00  Marine  
  78  9:01  Marine x3  
  85  9:18  Supply Depot  
  85  9:19  Supply Depot  
  85  9:22  Supply Depot x2  
  85  9:24  Supply Depot  
  85  9:25  Supply Depot  
  85  9:39  Medivac x3, Marine x2  
  85  9:41  Marine  
  85  9:43  Siege Tank  
  97  9:46  Factory Tech Lab  
  97  9:47  Marine x4  
  97  9:48  Medivac, Marine x2  
  105  9:57  Marine x2  
  105  9:59  Marine  
  108  10:02  Terran Infantry Armor Level 2  
  108  10:09  Medivac  
  108  10:12  Fusion Core  
  110  10:15  Siege Tank  
  113  10:32  Marine  
  113  10:33  Marine x8  
  113  10:34  Siege Tank  
  113  10:35  Medivac  
  124  10:50  Marine  
  125  11:14  Starport  
  125  11:15  Starport  
  125  11:49  Supply Depot  
  125  11:51  Supply Depot  
  125  11:54  Supply Depot  
  125  11:55  Barracks Reactor  
  125  12:00  Starport Tech Lab x2  
  125  12:14  Siege Tank x2  
  131  12:22  Supply Depot  
  131  12:25  Supply Depot  
  131  12:27  Supply Depot  
  131  12:28  Supply Depot  
  131  12:29  Supply Depot  
  122  12:40  Raven x2  
Show
View Real Time Build Order
Export as new Build Order

Chopper Zerg - Winner!

Build Orders: 3 Hatch before Pool, Roach Hydra 

Get SALT Encoding   

  12  0:00  Drone  
  13  0:12  Overlord  
  13  0:17  Drone  
  14  0:30  Drone x2  
  14  0:34  Drone  
  17  0:53  Hatchery  
  17  0:56  Drone  
  17  1:17  Hatchery  
  16  1:32  Spawning Pool  
  15  1:34  Drone  
  15  1:37  Drone  
  17  1:41  Drone  
  18  1:48  Drone  
  19  1:56  Drone  
  19  2:00  Extractor  
  19  2:08  Drone  
  20  2:10  Drone  
  21  2:19  Zergling x2  
  21  2:20  Queen  
  21  2:22  Queen  
  26  2:30  Queen  
  28  2:49  Overlord  
  27  3:18  Drone x2, Queen  
  31  3:29  Overlord  
  31  3:30  Drone x3  
  31  3:31  Drone x4, Queen  
  40  3:47  Queen  
  42  3:52  Drone x4  
  42  3:53  Drone x3  
  42  3:55  Overlord  
  49  4:10  Lair  
  49  4:17  Roach Warren, Drone  
  49  4:18  Drone x7  
  56  4:24  Overlord  
  56  4:33  Spore Crawler, Queen  
  56  4:35  Spore Crawler  
  56  4:40  Overlord  
  56  4:41  Drone  
  57  4:48  Spore Crawler  
  57  4:49  Overlord  
  57  4:50  Drone x9  
  65  4:55  Extractor  
  65  4:56  Extractor  
  63  5:02  Evolution Chamber  
  62  5:08  Drone x5  
  62  5:09  Roach  
  62  5:10  Glial Reconstitution, Roach  
  71  5:30  Drone  
  71  5:31  Drone x7, Extractor  
  71  5:32  Drone, Overlord  
  71  5:33  Extractor  
  78  5:38  Hatchery  
  78  5:40  Hydralisk Den  
  76  5:43  Drone  
  76  5:47  Overlord  
  76  5:48  Roach x2  
  81  5:55  Spine Crawler  
  81  5:56  Spore Crawler  
  79  5:58  Overlord  
  79  6:05  Overlord  
  79  6:06  Drone x5  
  79  6:07  Overlord x2  
  84  6:13  Hatchery  
  83  6:21  Roach, Hydralisk x5  
  83  6:22  Extractor  
  83  6:23  Overlord  
  83  6:24  Overlord  
  83  6:25  Drone  
  95  6:26  Grooved Spines  
  95  6:41  Overseer  
  95  6:42  Pneumatized Carapace  
  95  6:43  Roach, Hydralisk  
  95  6:44  Drone x8  
  107  6:52  Spore Crawler  
  106  6:58  Zerg Missile Weapons Level 1  
  106  7:01  Hydralisk x4  
  106  7:02  Hydralisk, Roach x2, Evolution Chamber  
  119  7:10  Overlord  
  119  7:11  Roach x2, Hydralisk  
  119  7:12  Hydralisk  
  109  7:42  Hydralisk x2  
  109  7:43  Roach x4, Hydralisk x3  
  109  7:44  Roach x4  
  133  7:54  Hydralisk  
  133  7:55  Roach x3  
  141  7:59  Drone x3  
  141  8:00  Drone x3  
  141  8:02  Extractor  
  141  8:03  Extractor  
  145  8:07  Muscular Augments  
  145  8:14  Overlord x3  
  145  8:18  Infestation Pit  
  144  8:42  Overlord  
  144  8:43  Drone x2  
  144  8:44  Drone x2  
  148  8:48  Spore Crawler  
  148  8:49  Extractor x2  
  148  8:55  Drone x2  
  147  8:57  Hive  
  147  8:59  Lurker Den  
  146  9:16  Overlord  
  146  9:39  Hatchery  
  146  9:40  Spire  
  146  9:44  Hatchery  
  143  9:54  Overlord  
  143  9:55  Roach, Hydralisk x3  
  143  9:56  Infestor x2  
  155  10:06  Zerg Missile Weapons Level 2  
  155  10:07  Zerg Ground Armor Level 1  
  155  10:12  Lurker  
  155  10:13  Lurker  
  155  10:14  Lurker  
  158  10:19  Seismic Spines  
  158  10:20  Overlord  
  158  10:51  Corruptor  
  158  10:52  Corruptor x6  
  158  10:53  Viper x3  
  181  11:09  Greater Spire  
  181  11:16  Adaptive Talons  
  181  11:21  Hatchery  
  180  11:29  Hatchery  
  180  11:32  Hatchery  
  175  11:52  Ultralisk Cavern  
  166  12:41  Mutalisk x16  
  198  12:51  Spire  
  197  13:00  Spawning Pool  
  197  13:05  Ravager  
  197  13:08  Brood Lord  
  197  13:09  Spawning Pool  
  198  13:28  Evolution Chamber  
  198  13:29  Drone x2  
Tags
 
Add a new tag
Caveats
  • Supply blocks, unpowered buildings, or Contaminate may cause inaccurate times.
  • Supply counts are checked every 10 seconds.